 Dungeon Crawl Stone Soup version 0.25-a0-1133-g93ebf739aa (webtiles) character file.

Game seed: 17536267619291157646, levelgen mode: deterministic

3839 Error4North the Cleaver (level 10, -3/87 (88) HPs)
             Began as a Hill Orc Fighter on May 17, 2020.
             Was a Priest of Okawaru.
             Slain by a slime creature (17 damage)
             ... on level 7 of the Dungeon on May 20, 2020.
             The game lasted 00:23:30 (7462 turns).

Error4North the Cleaver (Hill Orc Fighter)          Turns: 7462, Time: 00:23:31

HP:   -3/87 (88)    AC:  8    Str: 21    XL:     10   Next: 18%
MP:   13/13         EV:  9    Int:  8    God:    Okawaru [***...]
Gold: 300           SH: 13    Dex: 14    Spells: 9/9 levels left

rFire    . . .     SeeInvis .   a - +0 war axe
rCold    . . .     Gourm    .   c - +0 kite shield
rNeg     . . .     Faith    .   B - +0 plate armour
rPois    .         Spirit   .   (no helmet)
rElec    .         Reflect  .   w - +0 cloak
rCorr    .         Harm     .   (no gloves)
MR       .....                  y - +2 pair of boots of Punylet {+Inv Str-2 Dex+4}
Stlth    ..........             k - amulet of regeneration
HPRegen  0.64/turn              (no ring)
MPRegen  0.13/turn              (no ring)

@: heroism, corroded
A: no striking features
a: Heroism, Renounce Religion, Evoke Invisibility


You were on level 7 of the Dungeon.
You worshipped Okawaru.
Okawaru was most pleased with you.
You were hungry.

You visited 2 branches of the dungeon, and saw 8 of its levels.

You collected 392 gold pieces.
You spent 92 gold pieces at shops.

Inventory:

Hand Weapons
 a - a +0 war axe (weapon)
Missiles
 x - 2 boomerangs (quivered)
Armour
 c - a +0 kite shield (worn)
 w - a +0 cloak (worn)
 y - the +2 pair of boots of Punylet (worn) {+Inv Str-2 Dex+4}
   (You found it on level 6 of the Dungeon)

   It affects your strength (-2).
   It affects your dexterity (+4).
   It lets you turn invisible.
 B - a +0 plate armour (worn)
Jewellery
 k - an amulet of regeneration (around neck)
 u - an uncursed ring of see invisible {unknown}
Wands
 b - a wand of polymorph (15)
 A - a wand of iceblast (5)
Scrolls
 d - 4 scrolls of fear {unknown}
 e - 4 scrolls of remove curse
 h - 2 scrolls of identify
 l - 2 scrolls of amnesia {unknown}
 m - a scroll of fog {unknown}
 n - 2 scrolls of immolation {unknown}
 q - a scroll of blinking {unknown}
 r - 4 scrolls of teleportation {unknown}
 t - a scroll of torment {unknown}
 z - a scroll of enchant weapon {unknown}
Potions
 g - a potion of invisibility {unknown}
 i - a potion of heal wounds {unknown}
 j - a potion of lignification {unknown}
 o - a potion of mutation {unknown}
 p - 2 potions of brilliance {unknown}
 s - a potion of curing {unknown}
 v - a potion of resistance {unknown}
Comestibles
 f - 13 rations
 C - 2 chunks of flesh


   Skills:
 * Level 8.1(13.1) Fighting
 + Level 9.9(14.9) Axes
 + Level 1.3(6.3) Throwing
 * Level 7.8(12.8) Armour
 + Level 1.0(6.0) Dodging
 + Level 0.4(5.4) Stealth
 * Level 7.6(12.6) Shields
 * Level 4.4 Invocations
 * Level 3.6 Evocations


You had 9 spell levels left.
You didn't know any spells.
Your spell library contained the following spells:

 Spells                   Type           Power        Failure   Level  Hunger
 Animate Skeleton         Necr           N/A          100%        1    ##.....
 Apportation              Tloc           #.....       100%        1    ##.....
 Beastly Appendage        Tmut           #.....       100%        1    ##.....
 Corona                   Hex            #......      100%        1    ##.....
 Freeze                   Ice            #...         100%        1    ##.....
 Summon Small Mammal      Summ           #...         100%        1    ##.....
 Ensorcelled Hibernation  Hex/Ice        #.....       100%        2    ###....
 Sticks to Snakes         Tmut           #.......     100%        2    ###....
 Confusing Touch          Hex            #.......     100%        3    ####...
 Dazzling Flash           Conj/Hex       #.....       100%        3    ####...
 Frozen Ramparts          Ice            #.....       100%        3    ####...
 Ozocubu's Armour         Chrm/Ice       #.......     100%        3    ####...
 Spider Form              Tmut/Pois      #.........   100%        3    ####...
 Tukima's Dance           Hex            #.......     100%        3    ####...
 Hailstorm                Conj/Ice       #.......     100%        4    #####..
 Ice Form                 Ice/Tmut       #.......     100%        4    #####..
 Summon Ice Beast         Ice/Summ       #.......     100%        4    #####..
 Blade Hands              Tmut           #.........   100%        5    ######.


Dungeon Overview and Level Annotations

Branches:
Dungeon (7/15)             Temple (1/1) D:5

Altars:
Ashenzari
Cheibriados
Dithmenos
Elyvilon
Fedhas
Gozag
Hepliaklqana
Kikubaaqudgha
Makhleb
Nemelex Xobeh
Okawaru
Qazlal
Ru
Sif Muna
Trog
Vehumet
Wu Jian
Xom
Yredelemnul
Zin
The Shining One

Shops:
D:5 :   D:7 *

Annotations:
D:3 3 runed translucent doors, vurker's ghost, amateur MiFi


Message History

You slash the slime creature!
The slime creature is heavily wounded.
The slime creature closely misses you.
You slash the slime creature!
The slime creature is severely wounded.
The slime creature hits you!
You hit the slime creature but do no damage.
The slime creature is severely wounded.
The slime creature hits you!
* * * LOW HITPOINT WARNING * * *
You hit the slime creature.
The slime creature is severely wounded.
You hit the slime creature but do no damage.
The slime creature is severely wounded.
The slime creature hits you!
* * * LOW HITPOINT WARNING * * *
Your shield and plate armour prevent you from hitting the slime creature.
The slime creature is severely wounded.
The slime creature hits you!
You die...

# #.# #.....))#.# #####.#
###..)÷[..# #...#.#
###########<###...#######
....#.# [........##.#
###........ ....#.#
.P.÷.P.P.##.#####.#######
....#.#
÷..P..÷P.##.#.....#...# #
..###÷#
.....P...##.#.......#.# #
..# #.#
.P.P÷..J.##.#..######.# #
### #.#
......÷.@##.#..###....# #
#####(#
#######'###..........####
#.....###......##
###..###.......
#.....##.########
###........#...
#(....###..'....#
#......<.#...## #.....#
####....###.#.(.##.#.#.#
#.....#
#.......##....(...)#.####
#.....#
#.......##....(.#..#.....
###.###
#.......##.##...#.<#####.


You could see a slime creature.

Vanquished Creatures
  Harold (D:7)
  Prince Ribbit (D:6)
  A slime creature (D:7)
  A hippogriff (D:3)
  Duvessa (D:4)
  A sky beast (D:5)
  An orc warrior (D:6)
  2 phantoms
  A necrophage (D:6)
  3 ogres
  A centaur (D:6)
  2 big kobolds (D:7)
  Blork the orc (D:5)
  3 bullfrogs (D:7)
  Dowan (D:4)
  2 scorpions
  2 crimson imps
  A bullfrog zombie (D:6)
  A hound (D:4)
  7 orc priests
  5 jellies (D:7)
  6 orc wizards
  2 centaur skeletons
  3 iguanas
  6 worker ants
  A killer bee zombie (D:7)
  4 gnolls (D:5)
  A howler monkey skeleton (D:6)
  8 adders
  2 oozes
  A worm (D:5)
  A dart slug (D:3)
  4 leopard geckos
  21 orcs
  5 giant cockroaches
  2 gnoll zombies (D:6)
  6 hobgoblins
  4 jackals (D:3)
  7 kobolds
  2 quokkas
  3 ball pythons
  6 bats
  6 frilled lizards
  9 goblins
  2 quokka zombies
  7 rats
158 creatures vanquished.

Vanquished Creatures (others)
  9 toadstools (D:7)
9 creatures vanquished.

Grand Total: 167 creatures vanquished

Notes
Turn   | Place    | Note
-------+----------+-------------------------------------------
     0 | D:1      | Error4North the Hill Orc Fighter began the quest for the
                  | Orb.
     0 | D:1      | Reached XP level 1. HP: 19/19 MP: 1/1
   377 | D:1      | Reached XP level 2. HP: 24/27 MP: 2/2
  1119 | D:2      | Reached XP level 3. HP: 33/33 MP: 3/3
  1143 | D:2      | Found a radiant altar of Vehumet.
  1406 | D:2      | Reached skill level 3 in Axes
  1767 | D:2      | Reached XP level 4. HP: 41/41 MP: 4/4
  2145 | D:2      | Found a glowing silver altar of Zin.
  2549 | D:3      | Noticed vurker's ghost (amateur MiFi)
  2770 | D:3      | Noticed a hippogriff
  2776 | D:3      | Killed a hippogriff
  2776 | D:3      | Reached skill level 5 in Fighting
  2776 | D:3      | Reached skill level 4 in Axes
  2776 | D:3      | Reached XP level 5. HP: 40/48 MP: 5/5
  2776 | D:3      | Reached XP level 6. HP: 47/56 MP: 6/6
  2916 | D:3      | Found a runed translucent gate.
  2916 | D:3      | Found a runed translucent gate.
  2916 | D:3      | Found a runed translucent gate.
  3039 | D:3      | Reached skill level 5 in Axes
  3180 | D:4      | Reached skill level 5 in Shields
  3264 | D:4      | Noticed Duvessa
  3265 | D:4      | Noticed Dowan
  3274 | D:4      | Killed Duvessa
  3274 | D:4      | Reached skill level 5 in Armour
  3274 | D:4      | Reached XP level 7. HP: 41/61 MP: 7/7
  3283 | D:4      | Killed Dowan
  3305 | D:4      | Reached skill level 6 in Axes
  3705 | D:4      | Found a hazy altar of Hepliaklqana.
  4242 | D:5      | Entered Level 5 of the Dungeon
  4524 | D:5      | Found Xyph's Book Boutique.
  4547 | D:5      | Reached XP level 8. HP: 59/70 MP: 8/8
  4598 | D:5      | Reached skill level 7 in Axes
  4619 | D:5      | Found a staircase to the Ecumenical Temple.
  4625 | Temple   | Entered the Ecumenical Temple
  4678 | Temple   | Became a worshipper of Warmaster Okawaru
  4961 | D:5      | Noticed Blork the orc
  4970 | D:5      | Killed Blork the orc
  4974 | D:5      | Got a brightly glowing scale mail
  4978 | D:5      | Identified the +1 scale mail of Hoebo {rF+ rCorr Slay-4}
                  | (You found it on level 5 of the Dungeon)
  5211 | D:6      | Got a pair of shimmering boots
  5216 | D:6      | Identified the +2 pair of boots of Punylet {+Inv Str-2
                  | Dex+4} (You found it on level 6 of the Dungeon)
  5651 | D:6      | Reached skill level 8 in Axes
  5651 | D:6      | Reached skill level 1 in Invocations
  5832 | D:6      | Reached * piety under Okawaru
  5832 | D:6      | Reached skill level 1 in Evocations
  5890 | D:6      | Reached skill level 1 in Dodging
  5909 | D:6      | Reached XP level 9. HP: 59/78 MP: 10/10
  5928 | D:6      | Reached skill level 1 in Throwing
  5989 | D:6      | Found a sparkling altar of Nemelex Xobeh.
  6063 | D:6      | Noticed Prince Ribbit
  6076 | D:6      | Killed Prince Ribbit
  6307 | D:6      | Found a basalt altar of Yredelemnul.
  6396 | D:7      | Upgraded the game from 0.25-a0-1119-g28b6fd0c3b to
                  | 0.25-a0-1133-g93ebf739aa
  6573 | D:7      | Noticed Harold
  6594 | D:7      | Killed Harold
  6594 | D:7      | Reached ** piety under Okawaru
  6594 | D:7      | Reached skill level 9 in Axes
  6937 | D:7      | Found Ropsume's Assorted Antiques.
  6943 | D:7      | Bought a scroll of remove curse for 69 gold pieces
  6943 | D:7      | Bought a scroll labeled VEC KINTOCY for 23 gold pieces
  7031 | D:7      | Reached *** piety under Okawaru
  7102 | D:7      | Reached XP level 10. HP: 87/87 MP: 13/13
  7462 | D:7      | Slain by a slime creature

Illustrated notes

Levels and vault maps discovered:
D:1:      heliophobic_arrival_ceremonial_halls, layout_loops_ring
D:2:      layout_basic, zin_scriptorium, lemuel_coloured_pillars_altar
D:3:      layout_basic, gammafunk_ghost_icy, corexii_hall_statues_x
D:4:      layout_gridville, kennysheep_mini_moat, first_ration,
          kennysheep_generic_room_8, uniq_duvessa
D:5:      layout_loops_corners, temple_green, serial_shops, shop,
          uniq_blork_the_orc
D:6:      layout_loops_corners, nemelex_xobeh_ov_fountains_minmay,
          lemuel_zombie_altar_yredelemnul, uniq_prince_ribbit1
D:7:      cheibrodos_fertilizer, layout_basic, serial_shops, shop, uniq_harold
Temple:   nicolae_temple_x_marks_the_god

Skill      XL: |  1  2  3  4  5  6  7  8  9 10 |
---------------+-------------------------------+-----
Fighting       | 4 5 6 7 8 |  8.1
Shields        | 4 5 6 7 |  7.6
Axes           | 3 4 5 6 8 9 |  9.9
Armour         | 4 5 6 7 |  7.8
Invocations    | 2 4 |  4.4
Evocations     | 1 3 |  3.6
Dodging        | 1 |  1.0
Throwing       | 1 |  1.3
Stealth        | |  0.4

Action                   |  1- 3 |  4- 6 |  7- 9 | 10-12 || total
-------------------------+-------+-------+-------+-------++-------
Melee: War axe           |   109 |   107 |   323 |    64 ||   603
Throw: Boomerang         |       |       |    31 |       ||    31
Invok: Heroism           |       |       |     1 |     1 ||     2
  Use: Potion            |       |     3 |     1 |       ||     4
       Scroll            |       |       |     3 |       ||     3
  Eat: Chunk             |     3 |     5 |    12 |     1 ||    21
Armor: Scale mail        |    40 |    34 |       |       ||    74
       Chain mail        |       |     9 |    96 |       ||   105
       Skin              |       |       |     4 |       ||     4
       Plate armour      |       |       |    37 |    29 ||    66
Dodge: Dodged            |    33 |    35 |    48 |    13 ||   129
Block: Kite shield       |    75 |    56 |   147 |    37 ||   315

Table legend:
 A = Non-vault XP
 B = Vault XP
 C = Vault XP percentage of total XP
 D = Non-vault monster count
 E = Vault monster count
 F = Vault count percentage of total count
                 A         B        C        D         E       F
            +---------+---------+-------+---------+---------+-------
      Total |    3199 |    2286 |  41.7 |     137 |      21 |  13.3
            +---------+---------+-------+---------+---------+-------
        D:1 |      25 |       0 |   0.0 |      15 |       0 |   0.0
        D:2 |      71 |       0 |   0.0 |      15 |       0 |   0.0
        D:3 |     368 |       0 |   0.0 |      27 |       0 |   0.0
        D:4 |     369 |     256 |  41.0 |      22 |       3 |  12.0
        D:5 |     315 |      91 |  22.4 |       9 |       1 |  10.0
        D:6 |    1052 |     286 |  21.4 |      27 |       3 |  10.0
        D:7 |     999 |    1653 |  62.3 |      22 |      14 |  38.9
            +---------+---------+-------+---------+---------+-------
